AoeStats
← Forms

Arabia

509003301Analyzed
1v1 RM · 7d ago on Sep 25, 2026· 25m 3s· 2 players
Game mode
Random Map
Map size
Tiny (2 player)
Population
200
Speed
Normal
Resources
Standard
Victory
Conquest
Starting age
Dark Age
Ending age
Imperial Age
RankedLock teamsTeams togetherTeam positionsShared explorationLock speedFull tech treeHidden civsTurbo modeCheats
Victory
Defeat
🇦🇷 Mongols · Argentina
1023
+16
🇧🇷 Franks · Brazil
1015
-16
Forms
5:04 Loom
9:58 Feudal Age
11:07 Double-Bit Axe
10:50 Man-at-Arms
18:50 Fletching
23:11 Castle Age
21:30 Scale Barding Armor
22:30 Gold Mining
25:12 Bodkin Arrow
25:38 Chain Barding Armor
ThePurifier
0:28 Loom
9:13 Feudal Age
9:50 Double-Bit Axe
19:51 Castle Age
18:11 Scale Barding Armor
17:59 Gold Mining
20:58 Chain Barding Armor
21:23 Wheelbarrow
23:13 Bloodlines
Connection lost

Rejoining the realm…

Still unreachable

The connection could not be restored.

Session expired

The server has moved on; the page needs a fresh start.